[ PARTIDA AOE2 · #478334161 ]
UnrankedMongoles vs Portuguese
[ ANÁLISIS DE REPETICIÓN · EXTRAÍDO DE LA PARTIDA GRABADA ]
Feudal
10:55
Castillos
15:04
Imperial
—
| APM promedio | 25.5 |
| APM pico | 59 |
| eAPM promedio | 14.1 |
| Aldeanos / militares | 33 / 0 |
Foco
⚔️ 13.8% · 🌾 86.2%
Feudal
11:29
Castillos
—
Imperial
—
| APM promedio | 23.8 |
| APM pico | 63 |
| eAPM promedio | 10.6 |
| Aldeanos / militares | 36 / 0 |
Foco
⚔️ 5.4% · 🌾 94.6%
Feudal
10:10
Castillos
14:06
Imperial
—
| APM promedio | 23.3 |
| APM pico | 67 |
| eAPM promedio | 10.9 |
| Aldeanos / militares | 31 / 5 |
Foco
⚔️ 15.0% · 🌾 85.0%
Organ Gun ×5
Feudal
10:59
Castillos
15:22
Imperial
—
| APM promedio | 23.5 |
| APM pico | 48 |
| eAPM promedio | 11.6 |
| Aldeanos / militares | 32 / 1 |
Foco
⚔️ 10.2% · 🌾 89.8%
Mangonel ×1
Feudal
11:47
Castillos
15:28
Imperial
—
| APM promedio | 24.0 |
| APM pico | 45 |
| eAPM promedio | 13.8 |
| Aldeanos / militares | 42 / 15 |
Foco
⚔️ 21.9% · 🌾 78.1%
Eagle Scout ×13 · Monk ×2
Feudal
10:44
Castillos
19:15
Imperial
—
| APM promedio | 29.7 |
| APM pico | 78 |
| eAPM promedio | 12.9 |
| Aldeanos / militares | 37 / 13 |
Foco
⚔️ 16.3% · 🌾 83.7%
Knight ×9 · Scout Cavalry ×4
Feudal
8:58
Castillos
—
Imperial
—
| APM promedio | 37.8 |
| APM pico | 71 |
| eAPM promedio | 13.9 |
| Aldeanos / militares | 44 / 9 |
Foco
⚔️ 29.5% · 🌾 70.5%
Battering Ram ×9
Feudal
9:53
Castillos
—
Imperial
—
| APM promedio | 30.9 |
| APM pico | 52 |
| eAPM promedio | 15.6 |
| Aldeanos / militares | 35 / 47 |
Foco
⚔️ 40.0% · 🌾 60.0%
Militia ×24 · Spearman ×23
Mapa de la partida
Recursos iniciales + cada clic de construcción. Líneas = muros · curvas = relieve. ◆ oro · ⬟ piedra · ● bayas · ✦ reliquia · ◌ hueco del cierre
Tu base· ✓ Cerrada en 15:04 · 0t muro · 2 puerta(s)
Base de Wololo· ✓ Cerrada en 12:49 · 0t muro · 2 puerta(s)
Base de GA_Heimdallr· ✓ Cerrada en 14:06 · 0t muro · 3 puerta(s)
Base de Andoras· ✓ Cerrada en 15:22 · 0t muro · 2 puerta(s)
Base de Pisagor Amca· ✓ Cerrada en 15:28 · 0t muro · 2 puerta(s)
Base de GL.TheExclusiwe· ✓ Cerrada en 19:15 · 0t muro · 3 puerta(s)
Base de GA_Unreal· ✓ Cerrada en 12:00 · 0t muro · 2 puerta(s)
Base de GA_PureViolence· ✓ Cerrada en 12:00 · 0t muro · 2 puerta(s)
Terreno inicial suavizado · ◌ = hueco del cierre detectado · pasá el cursor para detalles
Inputs por minuto
— Kerrminator - - Wololo
Build order — Kerrminator
83 acciones detectadas en el replay
| 0:00 | Crear | Villager (Male) |
| 0:00 | Crear | Villager (Male) |
| 0:00 | Crear | Villager (Male) |
| 0:04 | Construir | House |
| 0:05 | Construir | House |
| 0:09 | Crear | Villager (Male) |
| 0:09 | Crear | Villager (Male) |
| 1:23 | Crear | Villager (Male) |
| 1:50 | Construir | Lumber Camp |
| 2:01 | Crear | Villager (Male) |
| 2:13 | Crear | Villager (Male) |
| 2:43 | Crear | Villager (Male) |
| 2:58 | Crear | Villager (Male) |
| 3:26 | Construir | House |
| 3:27 | Construir | House |
| 3:38 | Crear | Villager (Male) |
| 3:38 | Crear | Villager (Male) |
| 3:39 | Crear | Villager (Male) |
| 4:26 | Crear | Villager (Male) |
| 4:28 | Crear | Villager (Male) |
| 4:47 | Construir | Mill |
| 5:10 | Crear | Villager (Male) |
| 5:13 | Crear | Villager (Male) |
| 5:37 | Crear | Villager (Male) |
| 5:47 | Construir | Mill |
| 6:37 | Crear | Villager (Male) |
| 6:37 | Crear | Villager (Male) |
| 6:40 | Crear | Villager (Male) |
| 7:50 | Crear | Villager (Male) |
| 8:00 | Construir | Mining Camp |
| 8:11 | Crear | Villager (Male) |
| 8:32 | Investigar | Feudal Age |
| 8:56 | Construir | Lumber Camp |
| 9:03 | Construir | Farm |
| 9:13 | Construir | Farm |
| 9:27 | Crear | Villager (Male) |
| 10:12 | Construir | Farm |
| 10:18 | Crear | Villager (Male) |
| 10:33 | Construir | Farm |
| 10:55 | Edad | Edad Feudal |
| 10:58 | Construir | House |
| 11:02 | Investigar | Town Watch |
| 11:15 | Construir | Market |
| 11:20 | Crear | Villager (Male) |
| 11:31 | Construir | Farm |
| 11:45 | Construir | Blacksmith |
| 11:57 | Crear | Villager (Male) |
| 12:01 | Construir | Farm |
| 12:05 | Construir | Farm |
| 12:24 | Investigar | Castle Age |
| 12:33 | Construir | Farm |
| 12:35 | Investigar | Double-Bit Axe |
| 12:53 | Crear | Villager (Male) |
| 13:13 | Construir | Mining Camp |
| 14:08 | Investigar | Horse Collar |
| 14:41 | Crear | Villager (Male) |
| 14:41 | Crear | Villager (Male) |
| 14:54 | Construir | Farm |
| 15:01 | Construir | House |
| 15:01 | Construir | House |
| 15:04 | Edad | Edad de los Castillos |
| 15:09 | Crear | Villager (Male) |
| 15:47 | Investigar | Bow Saw |
| 15:48 | Investigar | Heavy Plow |
| 15:52 | Construir | Farm |
| 16:03 | Construir | Farm |
| 16:28 | Construir | House |
| 16:32 | Construir | Palisade Wall |
| 16:45 | Construir | Castle |
| 16:50 | Construir | House |
| 16:52 | Construir | House |
| 16:56 | Construir | Palisade Wall |
| 17:06 | Construir | House |
| 17:09 | Construir | House |
| 17:38 | Investigar | Loom |
| 17:40 | Crear | Villager (Male) |
| 17:40 | Crear | Villager (Male) |
| 17:42 | Construir | House |
| 17:52 | Construir | House |
| 17:54 | Construir | House |
| 17:55 | Construir | House |
| 17:59 | Construir | Palisade Wall |
| 18:53 | Construir | Siege Workshop |
Build order — Wololo
62 acciones detectadas en el replay
| 0:02 | Construir | House |
| 0:04 | Construir | House |
| 0:04 | Crear | Villager (Male) |
| 0:05 | Crear | Villager (Male) |
| 0:05 | Crear | Villager (Male) |
| 0:05 | Crear | Villager (Male) |
| 0:05 | Crear | Villager (Male) |
| 1:29 | Crear | Villager (Male) |
| 1:56 | Construir | Lumber Camp |
| 2:06 | Crear | Villager (Male) |
| 2:06 | Crear | Villager (Male) |
| 2:28 | Crear | Villager (Male) |
| 2:52 | Crear | Villager (Male) |
| 3:09 | Construir | House |
| 3:11 | Construir | House |
| 3:17 | Crear | Villager (Male) |
| 3:17 | Crear | Villager (Male) |
| 3:17 | Crear | Villager (Male) |
| 3:17 | Crear | Villager (Male) |
| 3:36 | Construir | House |
| 3:54 | Crear | Villager (Male) |
| 4:16 | Crear | Villager (Male) |
| 4:34 | Crear | Villager (Male) |
| 4:34 | Crear | Villager (Male) |
| 5:17 | Crear | Villager (Male) |
| 5:17 | Crear | Villager (Male) |
| 5:28 | Construir | Mill |
| 5:49 | Crear | Villager (Male) |
| 6:08 | Crear | Villager (Male) |
| 6:36 | Crear | Villager (Male) |
| 7:05 | Crear | Villager (Male) |
| 7:09 | Crear | Villager (Male) |
| 7:10 | Crear | Villager (Male) |
| 7:10 | Crear | Villager (Male) |
| 7:16 | Crear | Villager (Male) |
| 7:48 | Construir | Mining Camp |
| 8:04 | Construir | Mill |
| 8:47 | Investigar | Feudal Age |
| 10:08 | Crear | Villager (Male) |
| 10:08 | Crear | Villager (Male) |
| 10:09 | Crear | Villager (Male) |
| 10:59 | Construir | Farm |
| 11:05 | Construir | Farm |
| 11:29 | Edad | Edad Feudal |
| 11:34 | Construir | Market |
| 11:39 | Construir | Blacksmith |
| 12:49 | Investigar | Castle Age |
| 13:07 | Investigar | Horse Collar |
| 13:54 | Construir | Barracks |
| 14:15 | Investigar | Scale Mail Armor |
| 14:22 | Construir | Barracks |
| 16:20 | Construir | Town Center |
| 16:39 | Construir | Lumber Camp |
| 17:39 | Construir | House |
| 18:13 | Investigar | Double-Bit Axe |
| 18:19 | Crear | Villager (Male) |
| 18:20 | Crear | Villager (Male) |
| 18:20 | Crear | Villager (Male) |
| 18:20 | Crear | Villager (Male) |
| 18:25 | Construir | House |
| 18:31 | Construir | House |
| 18:37 | Crear | Villager (Male) |
Build order — GA_Heimdallr
59 acciones detectadas en el replay
| 0:01 | Crear | Villager (Male) ×4 |
| 0:03 | Construir | House |
| 0:04 | Construir | House |
| 1:26 | Crear | Villager (Male) |
| 1:47 | Construir | Lumber Camp |
| 2:02 | Crear | Villager (Male) |
| 2:19 | Crear | Villager (Male) |
| 2:47 | Crear | Villager (Male) |
| 3:07 | Crear | Villager (Male) |
| 3:29 | Construir | Mill |
| 3:35 | Crear | Villager (Male) |
| 3:56 | Construir | House |
| 4:10 | Crear | Villager (Male) |
| 4:29 | Crear | Villager (Male) |
| 4:56 | Crear | Villager (Male) |
| 5:25 | Crear | Villager (Male) |
| 5:25 | Crear | Villager (Male) |
| 5:54 | Construir | House |
| 6:20 | Crear | Villager (Male) |
| 6:32 | Construir | Mining Camp |
| 6:44 | Crear | Villager (Male) |
| 6:54 | Crear | Villager (Male) |
| 6:54 | Crear | Villager (Male) |
| 7:37 | Construir | Mining Camp |
| 7:52 | Investigar | Feudal Age |
| 7:52 | Investigar | Loom |
| 10:10 | Edad | Edad Feudal |
| 10:16 | Construir | Market |
| 10:55 | Construir | Blacksmith |
| 11:26 | Investigar | Castle Age |
| 11:47 | Construir | House |
| 12:49 | Crear | Villager (Male) |
| 12:49 | Crear | Villager (Male) |
| 12:49 | Crear | Villager (Male) |
| 14:06 | Edad | Edad de los Castillos |
| 14:40 | Construir | Palisade Wall |
| 14:53 | Crear | Villager (Male) |
| 14:58 | Construir | House |
| 15:09 | Construir | Castle |
| 15:39 | Construir | Lumber Camp |
| 15:45 | Crear | Villager (Male) |
| 15:46 | Crear | Villager (Male) |
| 16:06 | Crear | Organ Gun |
| 16:07 | Crear | Organ Gun |
| 16:27 | Crear | Villager (Male) |
| 16:34 | Crear | Organ Gun |
| 17:02 | Crear | Villager (Male) |
| 17:46 | Crear | Villager (Male) |
| 17:47 | Crear | Villager (Male) |
| 17:47 | Crear | Villager (Male) |
| 18:01 | Crear | Organ Gun |
| 18:17 | Crear | Organ Gun |
| 18:28 | Construir | Farm |
| 18:56 | Construir | Farm |
| 18:57 | Construir | Farm |
| 19:23 | Construir | Farm |
| 19:24 | Construir | Farm |
| 19:25 | Construir | Farm |
| 19:27 | Crear | Villager (Male) |
Build order — Andoras
69 acciones detectadas en el replay
| 0:00 | Crear | Villager (Male) |
| 0:01 | Crear | Villager (Male) |
| 0:02 | Construir | House |
| 0:04 | Construir | House |
| 0:05 | Crear | Villager (Male) |
| 0:05 | Crear | Villager (Male) |
| 1:34 | Crear | Villager (Male) |
| 2:02 | Crear | Villager (Male) |
| 2:19 | Construir | Lumber Camp |
| 2:26 | Crear | Villager (Male) |
| 2:53 | Crear | Villager (Male) |
| 3:09 | Construir | House |
| 3:11 | Construir | House |
| 3:20 | Crear | Villager (Male) |
| 3:43 | Crear | Villager (Male) |
| 4:01 | Crear | Villager (Male) |
| 4:43 | Construir | Mill |
| 4:54 | Crear | Villager (Male) |
| 4:54 | Crear | Villager (Male) |
| 4:54 | Crear | Villager (Male) |
| 5:27 | Crear | Villager (Male) |
| 5:40 | Crear | Villager (Male) |
| 5:45 | Construir | House |
| 6:57 | Crear | Villager (Male) |
| 7:27 | Crear | Villager (Male) |
| 7:29 | Crear | Villager (Male) |
| 8:07 | Crear | Villager (Male) |
| 8:37 | Construir | Mining Camp |
| 8:47 | Crear | Villager (Male) |
| 8:50 | Investigar | Feudal Age |
| 9:00 | Construir | Farm |
| 9:29 | Construir | Farm |
| 9:44 | Construir | House |
| 10:27 | Crear | Villager (Male) |
| 10:27 | Crear | Villager (Male) |
| 10:59 | Edad | Edad Feudal |
| 11:08 | Construir | Market |
| 11:11 | Construir | Blacksmith |
| 12:11 | Crear | Villager (Male) |
| 12:42 | Investigar | Castle Age |
| 13:06 | Investigar | Double-Bit Axe |
| 13:11 | Construir | Farm |
| 13:12 | Construir | Farm |
| 13:13 | Construir | Farm |
| 13:51 | Investigar | Horse Collar |
| 15:16 | Construir | House |
| 15:22 | Edad | Edad de los Castillos |
| 15:25 | Construir | Town Center |
| 15:29 | Construir | Town Center |
| 15:35 | Crear | Villager (Male) |
| 15:39 | Investigar | Bow Saw |
| 15:42 | Investigar | Heavy Plow |
| 16:04 | Construir | Siege Workshop |
| 16:17 | Crear | Villager (Male) |
| 16:47 | Construir | Farm |
| 16:52 | Crear | Villager (Male) |
| 16:57 | Construir | Farm |
| 16:58 | Crear | Mangonel |
| 17:11 | Crear | Villager (Male) |
| 17:31 | Crear | Villager (Male) |
| 17:40 | Construir | Barracks |
| 17:49 | Construir | Farm |
| 17:52 | Construir | Farm |
| 17:56 | Crear | Villager (Male) |
| 18:14 | Crear | Villager (Male) |
| 18:20 | Construir | Farm |
| 18:21 | Construir | Farm |
| 18:24 | Crear | Villager (Male) |
| 18:31 | Construir | House |
Build order — Pisagor Amca
92 acciones detectadas en el replay
| 0:01 | Crear | Villager (Male) ×4 |
| 0:02 | Construir | House |
| 0:03 | Construir | House |
| 1:20 | Crear | Villager (Male) |
| 1:20 | Crear | Villager (Male) |
| 1:47 | Construir | House |
| 1:50 | Construir | Lumber Camp |
| 2:07 | Crear | Villager (Male) |
| 2:13 | Crear | Villager (Male) |
| 2:53 | Crear | Villager (Male) |
| 2:54 | Crear | Villager (Male) |
| 3:39 | Crear | Villager (Male) |
| 3:40 | Crear | Villager (Male) |
| 3:50 | Crear | Villager (Male) |
| 4:34 | Crear | Villager (Male) ×2 |
| 4:58 | Crear | Villager (Male) |
| 4:58 | Crear | Villager (Male) |
| 5:05 | Construir | Mill |
| 5:08 | Construir | House |
| 5:44 | Crear | Villager (Male) |
| 5:44 | Crear | Villager (Male) |
| 5:55 | Construir | Mill |
| 5:56 | Crear | Villager (Male) |
| 6:45 | Crear | Villager (Male) ×5 |
| 6:57 | Crear | Villager (Male) |
| 7:12 | Construir | Mining Camp |
| 7:38 | Construir | House |
| 9:18 | Investigar | Feudal Age |
| 9:27 | Construir | Farm |
| 9:29 | Construir | Farm |
| 9:30 | Construir | Farm |
| 9:38 | Construir | Farm |
| 9:59 | Crear | Villager (Male) |
| 10:00 | Crear | Villager (Male) |
| 10:22 | Construir | Barracks |
| 11:47 | Edad | Edad Feudal |
| 11:48 | Construir | Blacksmith |
| 11:57 | Construir | Market |
| 12:48 | Investigar | Castle Age |
| 13:03 | Crear | Eagle Scout ×2 |
| 13:11 | Construir | House |
| 13:33 | Crear | Villager (Male) |
| 13:33 | Crear | Villager (Male) |
| 14:03 | Investigar | Scale Mail Armor |
| 14:28 | Investigar | Double-Bit Axe |
| 14:28 | Investigar | Double-Bit Axe |
| 14:36 | Crear | Eagle Scout ×2 |
| 14:37 | Crear | Eagle Scout ×2 |
| 15:28 | Edad | Edad de los Castillos |
| 15:30 | Construir | Town Center |
| 15:34 | Investigar | Eagle Warrior (upgrade) |
| 15:40 | Construir | House |
| 15:41 | Construir | Farm |
| 15:41 | Construir | Farm |
| 15:41 | Construir | Farm |
| 15:42 | Construir | Farm |
| 15:42 | Construir | Farm |
| 15:42 | Construir | Farm |
| 16:02 | Construir | House |
| 16:04 | Crear | Eagle Scout |
| 16:39 | Crear | Villager (Male) |
| 16:39 | Crear | Villager (Male) |
| 16:45 | Construir | Farm |
| 16:46 | Construir | Farm |
| 16:46 | Construir | Farm |
| 16:47 | Construir | Farm |
| 16:47 | Construir | Farm |
| 16:50 | Crear | Villager (Male) |
| 17:38 | Crear | Villager (Male) |
| 17:42 | Construir | Monastery |
| 17:43 | Crear | Villager (Male) ×3 |
| 17:52 | Crear | Eagle Scout |
| 17:52 | Crear | Eagle Scout |
| 18:03 | Crear | Villager (Male) |
| 18:06 | Construir | Farm |
| 18:07 | Construir | Farm |
| 18:07 | Construir | Farm |
| 18:07 | Construir | Farm |
| 18:26 | Construir | Farm |
| 18:45 | Investigar | Chain Mail Armor |
| 18:45 | Investigar | Chain Mail Armor |
| 18:48 | Crear | Eagle Scout |
| 18:50 | Construir | House |
| 19:10 | Crear | Villager (Male) |
| 19:22 | Construir | Farm |
| 19:24 | Construir | Farm |
| 19:25 | Crear | Villager (Male) ×2 |
| 19:28 | Construir | House |
| 19:28 | Crear | Monk |
| 19:29 | Crear | Monk |
| 19:31 | Crear | Eagle Scout ×3 |
| 19:40 | Crear | Villager (Male) |
Build order — GL.TheExclusiwe
101 acciones detectadas en el replay
| 0:01 | Crear | Villager (Male) |
| 0:01 | Crear | Villager (Male) |
| 0:02 | Crear | Villager (Male) |
| 0:02 | Crear | Villager (Male) |
| 0:03 | Construir | House |
| 0:04 | Construir | House |
| 0:59 | Crear | Villager (Male) |
| 0:59 | Crear | Villager (Male) |
| 1:40 | Crear | Villager (Male) |
| 1:40 | Crear | Villager (Male) |
| 1:44 | Construir | Lumber Camp |
| 2:16 | Crear | Villager (Male) |
| 2:17 | Crear | Villager (Male) |
| 2:50 | Crear | Villager (Male) |
| 3:00 | Crear | Villager (Male) |
| 3:45 | Construir | House |
| 3:49 | Crear | Villager (Male) |
| 3:54 | Construir | House |
| 4:20 | Crear | Villager (Male) |
| 4:20 | Crear | Villager (Male) |
| 4:37 | Construir | Mill |
| 4:50 | Crear | Villager (Male) |
| 5:05 | Crear | Villager (Male) |
| 5:15 | Crear | Villager (Male) |
| 5:15 | Crear | Villager (Male) |
| 5:31 | Crear | Villager (Male) |
| 5:48 | Construir | Mill |
| 5:59 | Crear | Villager (Male) |
| 6:56 | Crear | Villager (Male) |
| 6:59 | Crear | Villager (Male) |
| 7:01 | Investigar | Loom |
| 8:04 | Investigar | Feudal Age |
| 8:14 | Construir | House |
| 8:16 | Construir | House |
| 8:22 | Construir | Barracks |
| 9:46 | Construir | Mining Camp |
| 9:57 | Crear | Villager (Male) |
| 9:58 | Crear | Villager (Male) |
| 10:44 | Edad | Edad Feudal |
| 10:49 | Construir | Stable |
| 10:54 | Investigar | Horse Collar |
| 10:55 | Investigar | Double-Bit Axe |
| 11:05 | Construir | Farm |
| 11:07 | Construir | Farm |
| 11:08 | Construir | Farm |
| 11:13 | Crear | Scout Cavalry |
| 11:13 | Crear | Scout Cavalry |
| 11:14 | Crear | Scout Cavalry |
| 11:14 | Crear | Scout Cavalry |
| 11:28 | Crear | Villager (Male) |
| 11:40 | Construir | Blacksmith |
| 11:48 | Construir | Farm |
| 11:50 | Crear | Villager (Male) |
| 11:51 | Crear | Villager (Male) |
| 12:22 | Crear | Villager (Male) |
| 12:26 | Construir | Farm |
| 12:30 | Construir | Farm |
| 12:31 | Construir | Farm |
| 12:37 | Crear | Villager (Male) |
| 13:03 | Construir | House |
| 13:03 | Construir | House |
| 13:10 | Crear | Villager (Male) |
| 13:29 | Construir | Lumber Camp |
| 13:30 | Crear | Villager (Male) |
| 13:32 | Construir | Farm |
| 14:01 | Construir | Farm |
| 14:18 | Crear | Villager (Male) |
| 14:35 | Construir | Farm |
| 14:43 | Crear | Villager (Male) |
| 14:47 | Construir | Farm |
| 14:52 | Construir | Farm |
| 14:53 | Construir | Farm |
| 14:54 | Construir | Farm |
| 14:56 | Construir | Farm |
| 14:57 | Construir | Farm |
| 14:58 | Crear | Villager (Male) |
| 16:03 | Crear | Villager (Male) |
| 16:06 | Construir | Farm |
| 16:07 | Construir | Farm |
| 16:09 | Crear | Villager (Male) |
| 16:49 | Investigar | Castle Age |
| 18:00 | Construir | Stable |
| 18:06 | Investigar | Scale Barding Armor |
| 18:06 | Investigar | Forging |
| 18:20 | Construir | Mill |
| 18:21 | Construir | Farm |
| 18:21 | Construir | Farm |
| 18:21 | Construir | Farm |
| 18:21 | Construir | Farm |
| 18:22 | Construir | Farm |
| 18:22 | Construir | Farm |
| 18:22 | Construir | Farm |
| 18:22 | Construir | Farm |
| 18:23 | Construir | Farm |
| 18:27 | Construir | Stable |
| 18:32 | Investigar | Bloodlines |
| 19:04 | Construir | Market |
| 19:15 | Edad | Edad de los Castillos |
| 19:39 | Crear | Knight ×3 |
| 19:39 | Crear | Knight ×3 |
| 19:39 | Crear | Knight ×3 |
Build order — GA_Unreal
82 acciones detectadas en el replay
| 0:00 | Crear | Villager (Male) |
| 0:01 | Crear | Villager (Male) |
| 0:02 | Construir | House |
| 0:03 | Construir | House |
| 0:04 | Crear | Villager (Male) |
| 0:09 | Crear | Villager (Male) |
| 0:09 | Crear | Villager (Male) |
| 1:25 | Crear | Villager (Male) |
| 1:25 | Crear | Villager (Male) |
| 2:01 | Crear | Villager (Male) |
| 2:18 | Crear | Villager (Male) |
| 2:20 | Construir | Lumber Camp |
| 2:53 | Crear | Villager (Male) |
| 2:54 | Crear | Villager (Male) |
| 3:46 | Crear | Villager (Male) |
| 3:50 | Construir | House |
| 3:54 | Crear | Villager (Male) |
| 4:32 | Crear | Villager (Male) |
| 4:48 | Crear | Villager (Male) |
| 5:09 | Construir | Mining Camp |
| 5:33 | Crear | Villager (Male) |
| 5:48 | Crear | Villager (Male) |
| 6:05 | Investigar | Loom |
| 6:48 | Investigar | Feudal Age |
| 7:29 | Construir | Mill |
| 7:31 | Crear | Villager (Male) |
| 7:38 | Construir | House |
| 8:32 | Crear | Villager (Male) |
| 8:58 | Edad | Edad Feudal |
| 9:00 | Construir | Blacksmith |
| 9:01 | Crear | Villager (Male) |
| 9:53 | Construir | Siege Workshop |
| 9:58 | Crear | Villager (Male) |
| 10:05 | Construir | House |
| 10:27 | Investigar | Double-Bit Axe |
| 10:37 | Crear | Battering Ram |
| 10:56 | Crear | Villager (Male) |
| 10:56 | Crear | Villager (Male) |
| 11:22 | Crear | Battering Ram |
| 11:41 | Crear | Villager (Male) |
| 12:09 | Crear | Battering Ram |
| 12:13 | Construir | House |
| 12:20 | Crear | Villager (Male) |
| 12:39 | Crear | Battering Ram |
| 12:57 | Crear | Villager (Male) |
| 13:15 | Crear | Battering Ram |
| 13:28 | Construir | Farm |
| 13:29 | Crear | Villager (Male) |
| 13:42 | Crear | Battering Ram |
| 14:02 | Crear | Villager (Male) |
| 14:12 | Construir | House |
| 14:35 | Crear | Battering Ram |
| 14:39 | Crear | Villager (Male) |
| 14:43 | Crear | Villager (Male) |
| 14:57 | Construir | House |
| 15:11 | Crear | Villager (Male) |
| 15:14 | Construir | Farm |
| 15:19 | Construir | Mill |
| 15:52 | Crear | Villager (Male) |
| 15:52 | Crear | Villager (Male) |
| 15:56 | Construir | Farm |
| 16:06 | Crear | Villager (Male) |
| 16:07 | Crear | Battering Ram |
| 16:14 | Construir | House |
| 16:38 | Crear | Villager (Male) |
| 16:46 | Construir | Farm |
| 16:52 | Crear | Villager (Male) |
| 16:59 | Construir | House |
| 17:00 | Crear | Villager (Male) |
| 17:05 | Construir | Farm |
| 17:23 | Crear | Villager (Male) |
| 17:32 | Crear | Villager (Male) |
| 17:35 | Construir | House |
| 17:41 | Construir | Farm |
| 17:46 | Crear | Villager (Male) |
| 18:00 | Crear | Villager (Male) |
| 18:21 | Construir | Farm |
| 18:31 | Crear | Villager (Male) |
| 18:41 | Crear | Villager (Male) |
| 19:25 | Crear | Villager (Male) |
| 19:30 | Crear | Battering Ram |
| 19:35 | Investigar | Wheelbarrow |
Build order — GA_PureViolence
116 acciones detectadas en el replay
| 0:02 | Crear | Villager (Male) ×4 |
| 0:02 | Crear | Villager (Male) ×4 |
| 0:03 | Construir | House |
| 0:05 | Construir | House |
| 1:37 | Crear | Villager (Male) |
| 1:37 | Crear | Villager (Male) |
| 1:59 | Construir | Mule Cart |
| 2:02 | Crear | Villager (Male) |
| 2:02 | Crear | Villager (Male) |
| 2:02 | Crear | Villager (Male) |
| 2:30 | Crear | Villager (Male) |
| 2:49 | Crear | Villager (Male) |
| 2:49 | Crear | Villager (Male) |
| 3:06 | Crear | Villager (Male) |
| 3:28 | Construir | House |
| 3:48 | Crear | Villager (Male) |
| 3:48 | Crear | Villager (Male) |
| 3:54 | Crear | Villager (Male) |
| 3:54 | Crear | Villager (Male) |
| 3:57 | Construir | House |
| 4:29 | Crear | Villager (Male) |
| 4:29 | Crear | Villager (Male) |
| 5:11 | Construir | Mill |
| 5:13 | Crear | Villager (Male) |
| 5:15 | Crear | Villager (Male) |
| 5:15 | Crear | Villager (Male) |
| 5:16 | Crear | Villager (Male) |
| 5:43 | Crear | Villager (Male) |
| 5:48 | Crear | Villager (Male) |
| 6:24 | Crear | Villager (Male) |
| 6:41 | Construir | Mill |
| 7:43 | Investigar | Feudal Age |
| 8:27 | Construir | Barracks |
| 8:46 | Crear | Villager (Male) |
| 8:50 | Construir | House |
| 9:23 | Construir | House |
| 9:53 | Edad | Edad Feudal |
| 9:57 | Crear | Militia |
| 9:58 | Crear | Militia |
| 9:58 | Crear | Militia |
| 10:21 | Construir | Barracks |
| 10:27 | Crear | Villager (Male) |
| 10:27 | Crear | Villager (Male) |
| 10:30 | Investigar | Double-Bit Axe |
| 10:49 | Construir | House |
| 10:59 | Crear | Militia |
| 11:19 | Investigar | Man-at-Arms (upgrade) |
| 11:21 | Crear | Spearman |
| 11:27 | Crear | Spearman |
| 11:44 | Crear | Militia |
| 11:44 | Crear | Militia |
| 11:54 | Investigar | Loom |
| 12:05 | Investigar | Long Swordsman (upgrade) |
| 12:09 | Construir | Farm |
| 12:10 | Construir | Farm |
| 12:13 | Construir | Farm |
| 12:17 | Crear | Spearman |
| 12:17 | Crear | Militia |
| 12:34 | Crear | Militia |
| 12:34 | Crear | Militia |
| 12:34 | Crear | Militia |
| 13:14 | Crear | Spearman |
| 13:14 | Crear | Militia |
| 13:15 | Crear | Spearman |
| 13:15 | Crear | Militia |
| 13:15 | Crear | Spearman |
| 13:31 | Construir | Farm |
| 13:33 | Construir | Farm |
| 13:34 | Construir | Farm |
| 13:40 | Crear | Spearman |
| 13:40 | Crear | Militia |
| 13:40 | Crear | Spearman |
| 13:41 | Crear | Militia |
| 13:41 | Crear | Militia |
| 14:00 | Construir | Farm |
| 14:01 | Construir | Farm |
| 14:24 | Construir | House |
| 14:25 | Construir | House |
| 14:51 | Crear | Spearman |
| 14:51 | Crear | Militia |
| 14:52 | Crear | Militia |
| 14:52 | Crear | Spearman |
| 15:06 | Crear | Spearman |
| 15:23 | Crear | Spearman |
| 15:23 | Crear | Militia |
| 15:23 | Crear | Spearman |
| 15:40 | Crear | Spearman |
| 15:40 | Crear | Spearman |
| 16:15 | Crear | Spearman |
| 16:15 | Crear | Militia |
| 16:15 | Crear | Spearman |
| 16:34 | Crear | Spearman |
| 16:34 | Crear | Militia |
| 16:50 | Crear | Villager (Male) |
| 16:54 | Construir | Farm |
| 16:55 | Construir | Farm |
| 16:58 | Construir | Farm |
| 17:00 | Construir | Farm |
| 17:04 | Construir | Farm |
| 17:05 | Construir | Farm |
| 17:18 | Crear | Militia |
| 17:18 | Crear | Militia |
| 17:18 | Crear | Militia |
| 17:22 | Construir | Farm |
| 17:28 | Construir | House |
| 17:28 | Construir | House |
| 17:55 | Crear | Militia |
| 17:56 | Crear | Spearman |
| 18:10 | Construir | Blacksmith |
| 18:14 | Crear | Villager (Male) |
| 18:20 | Crear | Spearman |
| 18:36 | Investigar | Loom |
| 18:53 | Investigar | Pikeman (upgrade) |
| 18:53 | Investigar | Pikeman (upgrade) |
| 19:31 | Investigar | Scale Mail Armor |
| 19:41 | Crear | Spearman ×3 |
Cronología de la partida
| 8:22 | GL.TheExclusiwe · first_building Barracks |
| 8:27 | GA_PureViolence · first_building Barracks |
| 8:58 | GA_Unreal · age_up feudal |
| 9:53 | GA_PureViolence · age_up feudal |
| 9:53 | GA_Unreal · first_building Siege Workshop |
| 10:10 | GA_Heimdallr · age_up feudal |
| 10:22 | Pisagor Amca · first_building Barracks |
| 10:44 | GL.TheExclusiwe · age_up feudal |
| 10:49 | GL.TheExclusiwe · first_building Stable |
| 10:55 | Kerrminator · age_up feudal |
| 10:59 | Andoras · age_up feudal |
| 11:05 | GA_Heimdallr · first_market_sell 100 stone |
| 11:06 | GA_Heimdallr · first_market_buy 100 food |
| 11:29 | Wololo · age_up feudal |
| 11:47 | Pisagor Amca · age_up feudal |
| 13:54 | Wololo · first_building Barracks |
| 14:06 | GA_Heimdallr · age_up castle |
| 14:40 | GA_Heimdallr · wall_segment Palisade Wall x1 |
| 15:04 | Kerrminator · age_up castle |
| 15:09 | GA_Heimdallr · first_building Castle |
| 15:22 | Andoras · age_up castle |
| 15:28 | Pisagor Amca · age_up castle |
| 16:04 | Andoras · first_building Siege Workshop |
| 16:15 | Kerrminator · first_market_sell 100 food |
| 16:15 | Kerrminator · first_market_buy 100 stone |
| 16:32 | Kerrminator · wall_segment Palisade Wall x1 |
| 16:45 | Kerrminator · first_building Castle |
| 16:56 | Kerrminator · wall_segment Palisade Wall x1 |
| 17:40 | Andoras · first_building Barracks |
| 17:42 | Pisagor Amca · first_building Monastery |
| 17:59 | Kerrminator · wall_segment Palisade Wall x1 |
| 18:53 | Kerrminator · first_building Siege Workshop |
| 18:55 | Wololo · resign |
| 19:15 | GL.TheExclusiwe · age_up castle |
| 19:37 | GL.TheExclusiwe · first_market_sell 500 stone |
[ ANÁLISIS IA · 1 CRÉDITO ]
¿Qué pasó realmente en esta partida?
Wolo.gg analiza cada decisión: build order, eco, micro, errores típicos por bracket. Análisis personalizado por WhatsApp o Discord en 30 segundos.
Guía civ
Mongoles
Perfil
Jugador #4587302